Map: Ice and Chrome LE

Players

Cham - Winner!

  • Race: Zerg Zerg
  • League: Grandmaster
  • Spawn Location: 1:00

Erik

  • Race: Zerg Zerg
  • Spawn Location: 7:00

Event: DreamHack SC2 Masters 2020 Fall

VOD

Have the link to the VOD?

Description

Time

  • Played on: Aug. 28, 2020, 3:29 p.m.
  • Length: 8:56

All games in this series

Show
View Real Time Build Order
Export as new Build Order

Cham Zerg - Winner!

Build Orders: Hatch First 

Get SALT Encoding   

  12  0:00  Drone  
  13  0:08  Drone  
  14  0:17  Overlord  
  14  0:35  Drone  
  14  0:36  Drone  
  16  0:47  Hatchery  
  15  0:51  Drone  
  15  0:56  Drone  
  17  0:58  Drone  
  18  1:11  Extractor  
  17  1:13  Spawning Pool  
  17  1:17  Drone  
  17  1:21  Drone  
  18  1:29  Drone  
  19  1:54  Overlord  
  19  1:57  Drone  
  19  2:00  Queen x2  
  19  2:01  Zergling x2  
  25  2:02  Zergling x2  
  26  2:10  Drone  
  27  2:17  Drone  
  27  2:18  Metabolic Boost  
  28  2:23  Drone  
  28  2:24  Drone  
  30  2:36  Hatchery  
  29  2:43  Queen  
  31  2:50  Drone x2  
  31  2:51  Drone  
  34  2:55  Overlord  
  34  2:59  Drone  
  34  3:02  Drone  
  36  3:14  Zergling x10  
  36  3:15  Zergling x2  
  36  3:18  Zergling x2  
  43  3:23  Overlord  
  43  3:27  Zergling x2  
  44  3:34  Roach Warren  
  44  3:36  Drone  
  44  3:47  Drone  
  45  3:49  Drone  
  45  3:50  Drone x3  
  45  3:51  Drone  
  45  3:54  Drone  
  51  4:02  Drone  
  52  4:03  Drone x2  
  52  4:07  Drone x2, Overlord  
  52  4:08  Drone  
  57  4:10  Overlord  
  57  4:13  Overlord  
  57  4:18  Overlord  
  57  4:24  Overlord  
  57  4:30  Roach x5  
  67  4:34  Drone x2  
  69  4:39  Drone x2, Roach  
  69  4:42  Drone x2  
  75  4:48  Evolution Chamber  
  75  4:51  Drone  
  74  4:55  Drone, Lair  
  74  4:56  Drone x4  
  78  5:05  Drone x4  
  78  5:06  Drone  
  79  5:11  Drone  
  79  5:14  Zerg Missile Weapons Level 1  
  78  5:15  Roach Warren  
  78  5:17  Drone x3  
  78  5:18  Drone  
  78  5:23  Queen  
  78  5:26  Queen  
  82  5:29  Extractor  
  82  5:30  Extractor  
  82  5:33  Drone  
  82  5:34  Drone  
  82  5:35  Extractor  
  81  5:45  Drone x11  
  81  5:48  Roach  
  94  5:51  Roach  
  94  5:56  Zergling x2  
  97  5:58  Overlord x2  
  97  5:59  Pneumatized Carapace  
  97  6:03  Spore Crawler  
  96  6:09  Queen, Spore Crawler  
  97  6:13  Overlord x2  
  97  6:16  Overlord  
  97  6:18  Roach x3  
  103  6:19  Drone x2, Extractor  
  103  6:20  Drone x3  
  107  6:26  Spore Crawler  
  107  6:27  Hydralisk Den  
  107  6:31  Roach x2  
  107  6:36  Roach x3  
  109  6:44  Spore Crawler  
  106  6:52  Drone x5, Extractor  
  112  6:56  Hydralisk  
  112  6:57  Overlord  
  110  7:01  Hydralisk  
  110  7:02  Hydralisk x2  
  110  7:05  Spore Crawler  
  110  7:06  Grooved Spines  
  110  7:08  Hydralisk x2  
  117  7:10  Hydralisk  
  117  7:13  Overlord  
  121  7:16  Hydralisk  
  121  7:17  Hydralisk  
  121  7:19  Hydralisk  
  121  7:22  Hydralisk  
  129  7:26  Overlord  
  127  7:32  Hydralisk x2  
  127  7:34  Hydralisk x2  
  135  7:37  Hydralisk  
  135  7:41  Hydralisk  
  137  7:45  Hydralisk x2  
  141  7:51  Roach  
  141  7:56  Overlord  
  141  7:57  Roach  
  145  8:03  Overlord  
  139  8:14  Roach x3  
  139  8:17  Queen  
  139  8:18  Queen x2  
  151  8:20  Lurker Den  
  151  8:23  Roach x2  
  154  8:28  Roach x2  
  156  8:34  Roach  
  156  8:36  Roach  
Show
View Real Time Build Order
Export as new Build Order

Erik Zerg 

Build Orders: Hatch First 

Get SALT Encoding   

  12  0:00  Drone  
  13  0:08  Drone  
  14  0:14  Extractor  
  14  0:15  Drone  
  15  0:38  Hatchery  
  15  0:42  Drone, Extractor  
  14  0:48  Overlord  
  15  1:02  Spawning Pool  
  14  1:06  Drone  
  14  1:09  Drone  
  16  1:11  Extractor  
  16  1:14  Drone  
  17  1:18  Drone  
  17  1:28  Drone  
  18  1:39  Drone  
  19  1:49  Queen  
  19  1:50  Queen  
  19  1:51  Drone  
  19  1:54  Zergling x2  
  25  2:01  Drone  
  26  2:02  Overlord  
  26  2:10  Metabolic Boost  
  26  2:13  Drone  
  26  2:15  Drone  
  28  2:23  Drone x2  
  30  2:35  Overlord  
  30  2:37  Drone  
  31  2:47  Drone x2  
  31  2:48  Baneling Nest  
  32  2:58  Drone x4  
  36  2:59  Zergling x2  
  36  3:00  Zergling x6  
  40  3:08  Drone  
  40  3:09  Lair  
  41  3:13  Extractor  
  41  3:14  Extractor  
  41  3:16  Overlord  
  39  3:24  Drone x2  
  40  3:36  Drone x2, Baneling  
  40  3:37  Drone, Baneling  
  40  3:38  Drone  
  44  3:45  Zergling x6  
  47  3:51  Extractor  
  45  4:01  Drone x4  
  47  4:11  Spire  
  46  4:17  Zergling x6  
  46  4:18  Zergling x4  
  46  4:21  Spine Crawler  
  46  4:22  Spine Crawler  
  49  4:24  Drone x3  
  49  4:28  Evolution Chamber  
  49  4:29  Overlord  
  51  4:37  Baneling x2  
  51  4:47  Drone  
  51  4:51  Drone  
  52  4:53  Zergling x2  
  52  4:54  Zergling x12  
  52  4:56  Zerg Melee Weapons Level 1  
  56  5:19  Hatchery  
  54  5:22  Zergling x10  
  54  5:23  Overlord x2  
  59  5:42  Mutalisk x5  
  59  5:47  Mutalisk  
  71  5:52  Mutalisk x2  
  75  6:03  Baneling  
  75  6:04  Baneling x4  
  75  6:05  Baneling x2  
  75  6:06  Baneling x3  
  75  6:13  Overlord x2  
  70  6:38  Mutalisk x4  
  60  6:46  Drone x10  
  68  6:53  Drone  
  68  6:54  Queen  
  71  7:03  Drone  
  71  7:07  Drone x2  
  74  7:10  Mutalisk  
  74  7:11  Mutalisk x2  
  80  7:20  Drone x2  
  82  7:23  Extractor  
  82  7:24  Extractor  
  82  7:29  Mutalisk  
  80  7:32  Drone x4  
  86  7:42  Mutalisk  
  86  7:43  Mutalisk  
  90  7:45  Drone x6  
  96  7:54  Mutalisk  
  96  7:58  Overlord x3  
  98  8:12  Mutalisk x2  
  86  8:14  Overlord x3  
  90  8:22  Mutalisk x3  
  96  8:28  Zergling x12  

Tags
 
Add a new tag
Caveats
  • Supply blocks, unpowered buildings, or Contaminate may cause inaccurate times.
  • Supply counts are checked every 10 seconds.